 Dungeon Sprint DCSS version 0.27-a0-1347-gd8886f0a89 (webtiles) character file.

Game seed: 3123944602080848073

55 mhtbhm the Magician (level 3, -3/19 HPs)
             Began as a Deep Elf Earth Elementalist on June 28, 2021.
             Was a Believer of Vehumet.
             Slain by a fire bat (9 damage)
             ... in the Dungeon (Sprint VII: "The Pits").
             The game lasted 00:01:09 (536 turns).

mhtbhm the Magician (Deep Elf Earth Elementalist)    Turns: 536, Time: 00:01:10

Health: -3/19      AC:  2    Str:  5    XL:     3   Next: 67%
Magic:  12/13      EV: 13    Int: 20    God:    Vehumet [**....]
Gold:   0          SH:  0    Dex: 15    Spells: 12/15 levels left

rFire    . . .     SeeInvis .   l - +2 quarterstaff
rCold    . . .     Faith    .   (shield currently unavailable)
rNeg     . . .     Spirit   .   b - +0 robe
rPois    .         Reflect  .   (no helmet)
rElec    .         Harm     .   (no cloak)
rCorr    .         Rampage  .   (no gloves)
Will     .....     NoTele   +   (no boots)
Stlth    ++........             (no amulet)
HPRegen  0.06/turn              (no ring)
MPRegen  0.13/turn              (no ring)

@: no status effects
A: no striking features
a: Renounce Religion


You were in the Dungeon.
You worshipped Vehumet.
Vehumet was pleased with you.
You visited 1 branch

Inventory:

Hand Weapons
 l - a +2 quarterstaff (weapon)
Missiles
 i - 18 stones
Armour
 b - a +0 robe (worn)
Scrolls
 h - a scroll of blinking
 j - 5 scrolls of amnesia
 k - a scroll of summoning
Potions
 a - 2 potions of invisibility
 c - 6 potions of curing
 d - 5 potions of heal wounds
 e - a potion of haste
 f - 4 potions of magic
 g - 3 potions of berserk rage


   Skills:
 + Level 3.4 Dodging
 + Level 3.2 Stealth
 + Level 6.7 Spellcasting
 + Level 1.1 Transmutations
 + Level 6.3 Earth Magic


You had 12 spell levels left.
You knew the following spells:

 Your Spells              Type           Power      Damage    Failure   Level
a - Sandblast             Erth           64%        2d14      1%          1
b - Passwall              Tmut/Erth      17%        N/A       3%          2

Your spell library contained the following spells:

 Spells                   Type           Power      Damage    Failure   Level
 Foxfire                  Conj/Fire      24%        2x1d5     10%         1
 Stone Arrow              Conj/Erth      38%        3d9       8%          3
 Petrify                  Tmut/Erth      21%        N/A       21%         4
 Lee's Rapid Deconstruct  Erth           16%        3d11*     21%         5


Dungeon Overview and Level Annotations

Branches:
Dungeon (1/1)

Altars:
Ashenzari
Cheibriados
Dithmenos
Elyvilon
Fedhas
Gozag
Hepliaklqana
Kikubaaqudgha
Makhleb
Nemelex Xobeh
Okawaru
Qazlal
Ru
Sif Muna
Trog
Uskayaw
Vehumet
Wu Jian
Xom
Yredelemnul
Zin
The Shining One
Beogh
Jiyva
Lugonu


Message History

You see here a +1 long sword of holy wrath.
You see here a +0 quarterstaff of speed.
You see here a +1 long sword of holy wrath.
You see here a +2 dagger of venom.
You see here a +2 vorpal hand axe.
You see here a +0 flail of protection.
You see here a +0 vorpal trident.
You see here a +0 quarterstaff of speed.
You see here a +1 long sword of holy wrath.
You see here a +2 dagger of venom.
There is an open door here.
You see here a +0 spear.
There is a large open door, spattered with blood here.
There is an open door here.
There is an open door here.
There is an open door here.
You see here a frilled lizard skeleton.
You open the door.
There is an open door here.
As you open the door, it creaks loudly!
A ball python and a rat come into view.
There is an open door here.
Unknown command.
A river rat, an orc warrior and 2 orc priests come into view.
The orc priest shouts!
You hear an angry hiss.
The orc warrior shouts!
A fire bat comes into view.
A ball python comes into view.
Unknown command.
There is an open door here.
The fire bat bites you.
You are engulfed in flames!
The fire bat barely misses you.
Casting: Sandblast (safe; 1% risk of failure)
Confirm with . or Enter, or press ? or * to list all spells.
Aiming: Sandblast (safe; 1% risk of failure)
Press: ? - help, Shift-Dir - straight line, f - fire bat
Aim: a fire bat (73% to hit)
The blast of sand hits the fire bat!!
The fire bat is almost dead.
The fire bat closely misses you. The fire bat bites you.
You are engulfed in flames!
You die...

#...........'.....
#'#####รท#####.....
#.#..#...'.##.....
#.#..#...#.#####'#
#.#..#####.##.....
#.#..'...#.##.....
#.#..'...'.##.....
#.#.)########...<.
#@#..'.)))[##.....
#b#..#.)))[##.....
#S###########.....
#ro.r...# ######
#o.#o#..# #.## #


#.o.oboo# #.##r##.# #.. # You could see an orc warrior, a fire bat, 2 orc
priests, a ball python and a rat.

Vanquished Creatures
  A jelly (D)
  A gnoll (D)
  A river rat (D)
  A ball python (D)
  A hobgoblin (D)
  2 quokkas (D)
  2 frilled lizards (D)
9 creatures vanquished.

Notes
Turn   | Place    | Note
-------+----------+-------------------------------------------
     0 | D        | mhtbhm the Deep Elf Earth Elementalist began the quest for
                  | the Orb.
     0 | D        | Reached XP level 1. HP: 10/10 MP: 6/6
    17 | D        | Reached XP level 2. HP: 11/15 MP: 1/9
    99 | D        | Learned a level 2 spell: Passwall
   127 | D        | Found a bloodstained altar of Trog.
   127 | D        | Found a shimmering blue altar of Sif Muna.
   127 | D        | Found a viscous altar of Jiyva.
   127 | D        | Found a hazy altar of Hepliaklqana.
   127 | D        | Found an opulent altar of Gozag.
   128 | D        | Found a glowing golden altar of the Shining One.
   128 | D        | Found a glowing silver altar of Zin.
   128 | D        | Found a basalt altar of Yredelemnul.
   128 | D        | Found a shimmering altar of Xom.
   128 | D        | Found an ornate altar of the Wu Jian Council.
   128 | D        | Found a sacrificial altar of Ru.
   128 | D        | Found a stormy altar of Qazlal.
   128 | D        | Found an iron altar of Okawaru.
   128 | D        | Found a sparkling altar of Nemelex Xobeh.
   128 | D        | Found a burning altar of Makhleb.
   128 | D        | Found a blossoming altar of Fedhas.
   128 | D        | Found a white marble altar of Elyvilon.
   128 | D        | Found a shadowy altar of Dithmenos.
   128 | D        | Found a snail-covered altar of Cheibriados.
   130 | D        | Found a radiant altar of Vehumet.
   130 | D        | Found a corrupted altar of Lugonu.
   131 | D        | Found a hide-covered altar of Uskayaw.
   131 | D        | Found an ancient bone altar of Kikubaaqudgha.
   131 | D        | Found a broken altar of Ashenzari.
   138 | D        | Became a worshipper of Vehumet
   210 | D        | Reached * piety under Vehumet
   210 | D        | Offered knowledge of Foxfire by Vehumet.
   375 | D        | Reached XP level 3. HP: 7/19 MP: 7/12
   379 | D        | Reached ** piety under Vehumet
   530 | D        | Noticed an orc warrior
   530 | D        | Noticed a fire bat
   536 | D        | Slain by a fire bat

Illustrated notes

Levels and vault maps discovered:
D:        pitsprint [storerooms_1, entrance_room_1, metal_vault_8, armoury_3,
          mini_pit_1, grid_room_1, main_hall_1, silver_pit, the_coven_3,
          the_vestibule_1, steel_vault_4, golden_pit, hallway_of_sentries,
          crystal_vault_5, iron_vault_2, final_vault]

Skill      XL: |  1  2 |
---------------+-------+-----
Spellcasting   | 4 6 |  6.7
Earth Magic    | 4 6 |  6.3
Dodging        | 3 |  3.4
Stealth        | 3 |  3.2
Transmutations | |  1.1

Action                   || total
-------------------------++-------
 Cast: Sandblast         ||    22
  Use: Potion            ||     1
Armor: Robe              ||     1
Dodge: Dodged            ||     5

Table legend: (Time is in decaauts)
 A = Elapsed time spent in this place.
 B = Non-inter-level travel time spent in this place.
 C = Inter-level travel time spent in this place.
 D = Time resting spent in this place.
 E = Time spent auto-exploring this place.
 F = Levels seen in this place.
 G = Mean time per level.
                   A        B        C        D        E       F      G
               +--------+--------+--------+--------+--------+-----+--------+
         Total |    535 |    535 |      0 |    343 |     30 |   1 |  535.0 |
       Dungeon |    535 |    535 |      0 |    343 |     30 |   1 |  535.0 |
               +--------+--------+--------+--------+--------+-----+--------+

Top non-repeatable levels by time:
       D: 535 daAuts
